SAAA
JERSEY CITY SUN CAPS @ NAPERVILLE BATTLEKINGS
09/18/2019
 
TOP OF THE 1ST
Jersey City Sun Caps batting - Pitching for Naperville Battlekings : RHP Jim Unknown
Pitching: RHP Jim Unknown
Batting: RHB Oscar Lewis 0-0: Called Strike
0-1: Swinging Strike
0-2: Strikes out looking
Batting: LHB Jesús Pérez 0-0: Called Strike
0-1: Ball
1-1: Ball
2-1: Ball
3-1: Called Strike
3-2: Ground out 4-3 (Groundball, 34)
Batting: RHB Gil Moore 0-0: Swinging Strike
0-1: Ground out 6-3 (Groundball, 6)
Top of the 1st over - 0 run(s), 0 hit(s), 0 error(s), 0 left on base; Jersey City 0 - Naperville 0
BOTTOM OF THE 1ST
Naperville Battlekings batting - Pitching for Jersey City Sun Caps : RHP Jim Unknown
Pitching: RHP Jim Unknown
Batting: RHB Oliver Aranda 0-0: Ball
1-0: Fly out, F9 (Line Drive, 9M)
Batting: RHB Wayne Bannatyne 0-0: Ground out 4-3 (Groundball, 4)
Batting: SHB Carlos Kramer 0-0: Called Strike
0-1: Swinging Strike
0-2: Strikes out looking
Bottom of the 1st over - 0 run(s), 0 hit(s), 0 error(s), 0 left on base; Jersey City 0 - Naperville 0
TOP OF THE 2ND
Jersey City Sun Caps batting - Pitching for Naperville Battlekings : RHP Jim Unknown
Batting: LHB Munemori Ohara 0-0: Foul Ball, location: 2F
0-1: Ball
1-1: Ball
2-1: Ball
3-1: Ground out 5-3 (Groundball, 5S)
Batting: LHB Harlan Price 0-0: Called Strike
0-1: Called Strike
0-2: Foul Ball, location: 2F
0-2: Ball
1-2: Strikes out looking
Batting: RHB Christian O'Dell 0-0: Ball
1-0: SINGLE (Line Drive, 7LS)
Batting: RHB Carlos Vázquez 0-0: Ball
1-0: Ball
2-0: Ball
3-0: Called Strike
3-1: Base on Balls
Christian O'Dell to second
Batting: RHB Cliff May 0-0: SINGLE (Line Drive, 8RS)
Christian O'Dell to third
Carlos Vázquez to second
Runner from 3rd tries for Home, SAFE, no throw or cutoff
Batting: RHB Ken Miller 0-0: Foul Ball, location: 2F
0-1: Ground out 4-3 (Groundball, 4)
Top of the 2nd over - 1 run(s), 2 hit(s), 0 error(s), 2 left on base; Jersey City 1 - Naperville 0
BOTTOM OF THE 2ND
Naperville Battlekings batting - Pitching for Jersey City Sun Caps : RHP Jim Unknown
Batting: LHB Cristo Ramírez 0-0: Called Strike
0-1: Ball
1-1: Ground out 6-3 (Groundball, 6)
Batting: RHB Carlos Gómez 0-0: Ball
1-0: Foul Ball, location: 2F
1-1: Ball
2-1: Ground out 6-3 (Groundball, 6M)
Batting: RHB Max White 0-0: Called Strike
0-1: Ball
1-1: Ground out 6-3 (Groundball, 56)
Bottom of the 2nd over - 0 run(s), 0 hit(s), 0 error(s), 0 left on base; Jersey City 1 - Naperville 0
TOP OF THE 3RD
Jersey City Sun Caps batting - Pitching for Naperville Battlekings : RHP Jim Unknown
Batting: RHB Oscar Lewis 0-0: Ground out 5-3 (Groundball, 5S)
Batting: LHB Jesús Pérez 0-0: Fly out, F9 (Flyball, 89M)
Batting: RHB Gil Moore 0-0: Called Strike
0-1: Ball
1-1: Foul Ball, location: 2F
1-2: Ground out 1-3 (Groundball, 13)
Top of the 3rd over - 0 run(s), 0 hit(s), 0 error(s), 0 left on base; Jersey City 1 - Naperville 0
BOTTOM OF THE 3RD
Naperville Battlekings batting - Pitching for Jersey City Sun Caps : RHP Jim Unknown
Batting: RHB Joe Ferneyhough 0-0: Foul Ball, location: 2F
0-1: Ball
1-1: Ball
2-1: Foul Ball, location: 2F
2-2: Strikes out swinging
Batting: RHB Marcus Wade 0-0: Ball
1-0: Ball
2-0: Called Strike
2-1: Ball
3-1: Fly out, F8 (Flyball, 8LS)
Batting: RHB Sal Haynes 0-0: Ground out 6-3 (Groundball, 6)
Bottom of the 3rd over - 0 run(s), 0 hit(s), 0 error(s), 0 left on base; Jersey City 1 - Naperville 0
TOP OF THE 4TH
Jersey City Sun Caps batting - Pitching for Naperville Battlekings : RHP Jim Unknown
Batting: LHB Munemori Ohara 0-0: SINGLE (Line Drive, 9LS)
Batting: LHB Harlan Price 0-0: Ball
1-0: Called Strike
1-1: Ground out 4-3 (Groundball, 4M)
Munemori Ohara to second
Batting: RHB Christian O'Dell 0-0: Ball
1-0: Called Strike
1-1: Foul Ball, location: 2F
1-2: Foul Ball, location: 2F
1-2: Ball
2-2: Ground out 4-3 (Groundball, 4M)
Munemori Ohara to third
Batting: RHB Carlos Vázquez 0-0: Called Strike
0-1: SINGLE (Groundball, 34)
Munemori Ohara scores
Batting: RHB Cliff May 0-0: Called Strike
0-1: Foul Ball, location: 2F
0-2: Strikes out looking
Top of the 4th over - 1 run(s), 2 hit(s), 0 error(s), 1 left on base; Jersey City 2 - Naperville 0
BOTTOM OF THE 4TH
Naperville Battlekings batting - Pitching for Jersey City Sun Caps : RHP Jim Unknown
Batting: RHB Oliver Aranda 0-0: Fly out, F2 (Popup, 2L)
Batting: RHB Wayne Bannatyne 0-0: Called Strike
0-1: Ground out 4-3 (Groundball, 4)
Batting: SHB Carlos Kramer 0-0: Called Strike
0-1: Ground out 1-3 (Groundball, 13)
Bottom of the 4th over - 0 run(s), 0 hit(s), 0 error(s), 0 left on base; Jersey City 2 - Naperville 0
TOP OF THE 5TH
Jersey City Sun Caps batting - Pitching for Naperville Battlekings : RHP Jim Unknown
Batting: RHB Ken Miller 0-0: SINGLE (Groundball, 5L)
Batting: RHB Oscar Lewis 0-0: Ball
Ken Miller is caught stealing 2nd base
1-0: Foul Ball, location: 2F
1-1: Ball
2-1: Ball
3-1: Bunt missed!
3-2: Foul Ball, location: 2F
3-2: Strikes out swinging
Batting: LHB Jesús Pérez 0-0: Ball
1-0: Called Strike
1-1: Called Strike
1-2: Ball
2-2: Strikes out swinging
Top of the 5th over - 0 run(s), 1 hit(s), 0 error(s), 0 left on base; Jersey City 2 - Naperville 0
BOTTOM OF THE 5TH
Naperville Battlekings batting - Pitching for Jersey City Sun Caps : RHP Jim Unknown
Batting: LHB Cristo Ramírez 0-0: Called Strike
0-1: Foul Ball, location: 2F
0-2: Ball
1-2: Strikes out swinging
Batting: RHB Carlos Gómez 0-0: Swinging Strike
0-1: Ball
1-1: Foul Ball, location: 2F
1-2: Ground out 6-3 (Groundball, 6M)
Batting: RHB Max White 0-0: Foul Ball, location: 2F
0-1: Called Strike
0-2: Strikes out looking
Bottom of the 5th over - 0 run(s), 0 hit(s), 0 error(s), 0 left on base; Jersey City 2 - Naperville 0
TOP OF THE 6TH
Jersey City Sun Caps batting - Pitching for Naperville Battlekings : RHP Jim Unknown
Batting: RHB Gil Moore 0-0: Ball
1-0: SINGLE (Groundball, 6M)
Batting: LHB Munemori Ohara 0-0: Called Strike
0-1: Ball
1-1: Ball
2-1: Ball
3-1: Foul Ball, location: 2F
3-2: Foul Ball, location: 2F
3-2: Base on Balls
Gil Moore to second
Batting: LHB Harlan Price 0-0: Ball
1-0: Called Strike
1-1: Foul Ball, location: 2F
1-2: Ball
2-2: Ball
3-2: Foul Ball, location: 2F
3-2: Strikes out looking
Batting: RHB Christian O'Dell 0-0: Ball
Gil Moore steals 3rd base
Munemori Ohara to second
1-0: Swinging Strike
1-1: Fly out, F3 (Popup, 3F)
Batting: RHB Carlos Vázquez 0-0: Called Strike
0-1: Ground out 5-3 (Groundball, 56S)
Top of the 6th over - 0 run(s), 1 hit(s), 0 error(s), 2 left on base; Jersey City 2 - Naperville 0
BOTTOM OF THE 6TH
Naperville Battlekings batting - Pitching for Jersey City Sun Caps : RHP Jim Unknown
Batting: RHB Joe Ferneyhough 0-0: Called Strike
0-1: Ball
1-1: Ground out 5-3 (Groundball, 5)
Batting: RHB Marcus Wade 0-0: Ball
1-0: Swinging Strike
1-1: Ground out 6-3 (Groundball, 6)
Batting: RHB Sal Haynes 0-0: Ball
1-0: DOUBLE (Groundball, 3L)
Batting: RHB Oliver Aranda 0-0: Called Strike
0-1: Ball
1-1: Called Strike
1-2: Ball
2-2: Strikes out swinging
Bottom of the 6th over - 0 run(s), 1 hit(s), 0 error(s), 1 left on base; Jersey City 2 - Naperville 0
TOP OF THE 7TH
Jersey City Sun Caps batting - Pitching for Naperville Battlekings : RHP Jim Unknown
Batting: RHB Cliff May 0-0: Ball
1-0: Called Strike
1-1: Foul Ball, location: 2F
1-2: Strikes out swinging
Batting: RHB Ken Miller 0-0: Ball
1-0: Ball
2-0: Ball
3-0: Called Strike
3-1: Fly out, F7 (Flyball, 78M)
Batting: RHB Oscar Lewis 0-0: Ball
1-0: Ball
2-0: Foul Ball, location: 2F
2-1: Called Strike
2-2: Foul Ball, location: 2F
2-2: Strikes out swinging
Top of the 7th over - 0 run(s), 0 hit(s), 0 error(s), 0 left on base; Jersey City 2 - Naperville 0
BOTTOM OF THE 7TH
Naperville Battlekings batting - Pitching for Jersey City Sun Caps : RHP Jim Unknown
Batting: RHB Wayne Bannatyne 0-0: Called Strike
0-1: Ball
1-1: Fly out, F8 (Flyball, 8RD)
Batting: SHB Carlos Kramer 0-0: Fly out, F6 (Popup, 56D)
Batting: LHB Cristo Ramírez 0-0: SINGLE (Groundball, 56D)
Batting: RHB Carlos Gómez 0-0: Called Strike
0-1: Ball
1-1: Ball
2-1: Swinging Strike
2-2: Strikes out swinging
Bottom of the 7th over - 0 run(s), 1 hit(s), 0 error(s), 1 left on base; Jersey City 2 - Naperville 0
TOP OF THE 8TH
Jersey City Sun Caps batting - Pitching for Naperville Battlekings : RHP Jim Unknown
Batting: LHB Jesús Pérez 0-0: Foul Ball, location: 2F
0-1: Foul Ball, location: 2F
0-2: Ball
1-2: Ball
2-2: Ball
3-2: Base on Balls
Batting: RHB Gil Moore 0-0: Swinging Strike
0-1: Ball
1-1: Grounds into double play, 4-6-3 (Groundball, 4)
Batting: LHB Munemori Ohara 0-0: Called Strike
0-1: Ball
1-1: Ball
2-1: Called Strike
2-2: Ball
3-2: Foul Ball, location: 2F
3-2: Ground out 4-3 (Groundball, 4)
Top of the 8th over - 0 run(s), 0 hit(s), 0 error(s), 0 left on base; Jersey City 2 - Naperville 0
BOTTOM OF THE 8TH
Naperville Battlekings batting - Pitching for Jersey City Sun Caps : RHP Jim Unknown
Batting: RHB Max White 0-0: Called Strike
0-1: Ball
1-1: Called Strike
1-2: Fly out, F6 (Line Drive, 6)
Batting: RHB Joe Ferneyhough 0-0: Ball
1-0: Ball
2-0: Called Strike
2-1: Foul Ball, location: 2F
2-2: Ball
3-2: Foul Ball, location: 2F
3-2: Base on Balls
Batting: RHB Marcus Wade 0-0: Foul Ball, location: 2F
0-1: Swinging Strike
0-2: Fly out, F7 (Flyball, 78M)
Batting: RHB Sal Haynes 0-0: Called Strike
0-1: Ground out 5-3 (Groundball, 56S)
Bottom of the 8th over - 0 run(s), 0 hit(s), 0 error(s), 1 left on base; Jersey City 2 - Naperville 0
TOP OF THE 9TH
Jersey City Sun Caps batting - Pitching for Naperville Battlekings : RHP Jim Unknown
Pitching: RHP William Taylor
Batting: LHB Harlan Price 0-0: Ball
1-0: Swinging Strike
1-1: Fly out, F8 (Line Drive, 8RM)
Batting: RHB Christian O'Dell 0-0: Swinging Strike
0-1: Ball
1-1: Ball
2-1: SINGLE (Groundball, 6M)
Batting: RHB Carlos Vázquez 0-0: Ball
1-0: Called Strike
1-1: Called Strike
1-2: Strikes out swinging
Batting: RHB Cliff May 0-0: Called Strike
0-1: Fly out, F8 (Flyball, 8RM)
Top of the 9th over - 0 run(s), 1 hit(s), 0 error(s), 1 left on base; Jersey City 2 - Naperville 0
BOTTOM OF THE 9TH
Naperville Battlekings batting - Pitching for Jersey City Sun Caps : RHP Jim Unknown
Batting: RHB Oliver Aranda 0-0: Ball
1-0: Called Strike
1-1: Ball
2-1: Ball
3-1: SINGLE (Line Drive, 89S)
Batting: RHB Wayne Bannatyne 0-0: Called Strike
0-1: Ball
1-1: Ball
Wild Pitch!
Oliver Aranda to second
2-1: Foul Ball, location: 2F
2-2: Ball
3-2: Base on Balls
Pitching: RHP Jim Unknown
Batting: SHB Carlos Kramer 0-0: Ball
1-0: Called Strike
1-1: Ball
2-1: Fielders Choice at 2nd, 2-6 (Groundball, 2L)
Oliver Aranda to third
Batting: LHB Cristo Ramírez 0-0: Ball
1-0: Fly out, F8 (Flyball, 8RS)
Pinch Hitting: LHB Vicente Martínez 0-0: Ball
1-0: Ball
2-0: Called Strike
2-1: SINGLE (Line Drive, 7LM)
Oliver Aranda scores
Carlos Kramer to second
Batting: RHB Max White 0-0: Ball
1-0: Called Strike
1-1: Swinging Strike
1-2: Fly out, F6 (Popup, 6MD)
Bottom of the 9th over - 1 run(s), 2 hit(s), 0 error(s), 2 left on base; Jersey City 2 - Naperville 1
This league is powered by Out of the Park Baseball, the baseball management simulation game for PC, Mac and Linux
Saturday, July 25th, 2015 - OOTP Baseball 15.6 Build 34